[Event "Early-Titled-Tuesday-Blitz-April-02-2024"]
[Site "Chess.com"]
[Date "2024.04.02"]
[Round "4"]
[White "Yeritsyaan"]
[Black "BashiqChess"]
[Result "0-1"]
[WhiteElo "2651"]
[BlackElo "2485"]
[TimeControl "180+1"]
[EndTime "8:40:22 PDT"]
[Termination "BashiqChess won by resignation"]

1. Nf3 Nf6 2. b3 d5 3. Bb2 Bf5 4. e3 e6 5. Be2 h6 6. O-O Be7 7. c4 O-O 8. d3 Bh7 9. a3 c6 10. Nbd2 a5 11. Rc1 Nbd7 12. cxd5 exd5 13. Qc2 Re8 14.
Qb1 Bd6 15. Rfe1 Ng4 16. h3 Nge5 17. Nxe5 Nxe5 18. Nf3 Qb6 19. Bd4 Nxf3+ 20. Bxf3 Qb5 21. Qb2 Qxd3 22. Bxg7 Bxa3 23. Qa1 Bxc1 24. Bxh6 Qg6 25.
Bf4 Bd2 26. Rd1 Bb4 27. h4 Bf8 28. h5 Qe6 29. Bg3 Bg7 30. Qa4 Be4 31. Be2 Qh6 32. Bf4 Qe6 33. f3 Bc2 34. Rc1 Bh7 35. Kf2 Bf6 36. Rh1 Be5 37. Bg5 Bg7 38. Qh4 f6 39. Bf4 f5 40. h6 Bf6 41. Qh5 Qf7 42. Qh3 Qg6 43. Rg1 Bg5 44. g4 Bxf4 45. exf4 Qd6 46.
gxf5+ Kh8 47. Qh4 Rg8 48. Rg5 Qc5+ 49. Kg3 Rae8 50. Bf1 Qg1+ 51. Bg2 Qe1+ 52. Kg4 Qxh4+ 53. Kxh4 Rxg5 54. fxg5 Bxf5 55. Kg3 Kh7 56. Kf4 Bg6 57. Bh3 Rf8+ 58. Kg3 b5 59. Bd7 a4 60. bxa4 bxa4 61. Bxc6 a3 62. Bxd5 Rf5 63. Ba2 Rxg5+ 64. Kf4 Rb5 65.
Kg4 Rb2 66. Bd5 a2 67. Bxa2 Rxa2 68. f4 Kxh6 69. f5 Bxf5+ 70. Kh4 Bh7 71. Kg4 Ra5 72.
Kh4 Rg5 0-1

[Event "Early-Titled-Tuesday-Blitz-April-02-2024"]
[Site "Chess.com"]
[Date "2024.04.02"]
[Round "4"]
[White "TigrVShlyape"]
[Black "ChessQueen"]
[Result "1/2-1/2"]
[WhiteElo "2903"]
[BlackElo "2727"]
[TimeControl "180+1"]
[EndTime "8:40:23 PDT"]
[Termination "Game drawn by repetition"]

1. e4 e5 2. Nf3 Nf6 3. Nxe5 d6 4. Nf3 Nxe4 5. Qe2 Qe7 6. d3 Nf6 7. Nc3 Qxe2+ 8. Bxe2 Nc6 9. Be3 a6 10. Nd4 Bd7 11.
Bf3 O-O-O 12. Nxc6 Bxc6 13. Bxc6 bxc6 14. h3 Nd5 15.
Nxd5 cxd5 16. Kd2 Be7 17. c4 dxc4 18. dxc4 Bf6 19. Kc2 Kd7 20. Rad1 Kc6 21. Rd5 Rhe8 22. Rhd1 Re5 23. b4 Rde8 24. a4 h5 25. b5+ axb5 26. cxb5+ Kd7 27. a5 Re4 28. Kb3 Be5 29. a6 Rb8 30. a7 Ra8 31. R1d3 Ke6 32. b6 cxb6 33. Bxb6 Kd7 34. Rd2 Kc6 35. Be3 Rxe3+ 36. fxe3 Rxa7 37. R5d3 Ra1 38. Rd1 Ra8 39. Rc1+ Kd7 40. Rd2 Rb8+ 41.
Kc2 Ke6 42. Kd3 Rb3+ 43. Ke2 g6 44. Rcc2 Rb1 45. Rd1 Rb3 46. Rd3 Rb1 47. Kf3 Rf1+ 48. Rf2 Re1 49. g3 Rg1 50. Rg2 Rh1 51. h4 Rf1+ 52.
Ke2 Ra1 53. Rd2 Ra3 54. Kf3 Rb3 55. Rg1 Kf5 56. Rgd1 Ke6 57. Rd3 Rb2 58. R3d2 Rb3 59. Ra2 Rc3 60. Rb1 Bd4 61. Re1 Bc5 62. Ra4 Rb3 63. Re4+ Kd7 64. g4 hxg4+ 65. Rxg4 Ke6 66. h5 gxh5 67. Rh4 Ra3 68. Rxh5 Rb3 69. Rh6+ f6 70. Rh4 Ra3 71. Re4+ Kd7 72. Kf4 Ra2 73. Kf5 Rf2+ 74. Rf4 Rh2 75. Kxf6 Rh3 76. e4 Rg3 77. Kf5 Rg8 78. Rg4 Rf8+ 79. Kg5 Rg8+ 80. Kh5 Rh8+ 81. Kg5 Rg8+ 82. Kf4 Rf8+ 83. Kg5 Rg8+ 1/2-1/2

[Event "Early-Titled-Tuesday-Blitz-April-02-2024"]
[Site "Chess.com"]
[Date "2024.04.02"]
[Round "4"]
[White "ChainedDowntohell"]
[Black "Rashad_Zeynalli"]
[Result "1/2-1/2"]
[WhiteElo "2553"]
[BlackElo "2675"]
[TimeControl "180+1"]
[EndTime "8:40:23 PDT"]
[Termination "Game drawn - insufficient material"]

1. d4 d5 2. c4 e6 3. Nc3 Be7 4. Nf3 Nf6 5. Bg5 h6 6. Bxf6 Bxf6 7. e3 O-O 8. Rc1 dxc4 9. Bxc4 Nd7 10. O-O c5 11.
Qe2 b6 12. Rfd1 cxd4 13. exd4 Bb7 14. d5 e5 15. Ne4 Qe7 16. d6 Qd8 17. Ba6 Bxa6 18.
Qxa6 Bg5 19. Nfxg5 hxg5 20. Rc7 f5 21. Nxg5 Qxg5 22.
Rxd7 f4 23. Qc4+ Kh8 24. Qe6 Rf5 25. Qe7 Rf6 26. Rd8+ Rxd8 27. Qxd8+ Kh7 28. d7 Rd6 29. Rxd6 Qxd8 30. g3 f3 31. h4 Kg8 32. Kh2 Kf7 33.
Kh3 Ke7 34. Rd2 g5 35. hxg5 Qh8+ 36. Kg4 Kd8 37. Kxf3 Qh3 38. Ke3 Qg4 39. a3 Qxg5+ 40. Ke2 Qg4+ 41. Ke3 Qc4 42. Rd3 Qc1+ 43. Rd2 b5 44. Ke2 a5 45. Ke3 b4 46. axb4 axb4 47. Ke2 Qc4+ 48. Ke1 e4 49. Rd1 Qc7 50. Rd2 e3 51.
fxe3 Qxg3+ 52. Ke2 b3 53. Kd3 Kxd7 54. Kc3+ Kc6 55.
Kxb3 Qxe3+ 56. Kc2 Kc5 57. Rd3 Qe4 58. Kd2 Kc4 59.
Rc3+ Kd4 60. Kc1 Qe2 61. Ra3 Kc4 62. Rc3+ Kb4 63. Ra3 Qe4 64. Rc3 Qf5 65. Ra3 Qd5 66. Rc3 Qd4 67. Ra3 Kc4 68. Rc3+ Kd5 69. Ra3 Ke4 70. Rc3 Qg1+ 71. Kc2 Qf2+ 72. Kc1 Qe1+ 73. Kc2 Qe2+ 74. Kc1 Kd4 75. Ra3 Kc4 76. Rc3+ Kb4 77. Ra3 Qc4+ 78. Rc3 Qxc3+ 79. bxc3+ Kxc3 1/2-1/2

[Event "Early-Titled-Tuesday-Blitz-April-02-2024"]
[Site "Chess.com"]
[Date "2024.04.02"]
[Round "4"]
[White "ATM622"]
[Black "javirec"]
[Result "1-0"]
[WhiteElo "2509"]
[BlackElo "2271"]
[TimeControl "180+1"]
[EndTime "8:40:24 PDT"]
[Termination "ATM622 won on time"]

1. d4 Nf6 2. c4 d6 3. g3 e5 4. dxe5 dxe5 5. Qxd8+ Kxd8 6. Nc3 Be6 7. Bg2 c6 8. b3 a5 9. Bb2 Nbd7 10. O-O-O Kc7 11. Nf3 Ng4 12. Rhf1 f6 13. h3 Nh6 14. g4 Nf7 15. Nd2 h5 16. f3 h4 17. Nde4 Nc5 18. Kc2 Nxe4 19. fxe4 Bc5 20. Rd3 Ng5 21. Na4 Be7 22. Bc1 b5 23. cxb5 cxb5 24. Nc3 b4 25. Nd5+ Bxd5 26.
exd5 Kd6 27. Be3 Rac8+ 28. Kb1 Nf7 29. Be4 a4 30. Bf5 Rc3 31. Rxc3 bxc3 32. Kc2 axb3+ 33.
axb3 Ra8 34. Kxc3 Nd8 35. Kc4 Nb7 36. b4 Kc7 37. Rc1 Ra3 38. Kb5+ Kd6 39. Bc5+ Nxc5 40. bxc5+ Kc7 41. d6+ Bxd6 42. cxd6+ Kxd6 43. Rd1+ Ke7 44. Rd3 Ra2 45. Re3 Kd6 46. Kc4 Ra4+ 47. Kd3 Ra3+ 48.
Ke4 Ra4+ 49. Kf3 Rf4+ 50. Kg2 Ke7 51. Rd3 Ke8 52. Ra3 Rd4 53. Ra7 g5 54. Bg6+ Kd8 55.
Rf7 Rd6 56. Kf3 Rb6 57. Ke4 Rb4+ 58. Kf5 Rf4+ 59. Ke6 Rf2 60. Bd3 e4 61. Bb5 Rh2 62.
Kxf6 Rxh3 63. Kxg5 Re3 64. Rh7 h3 65. Kf4 Kc8 66.
Kxe3 1-0

[Event "Early-Titled-Tuesday-Blitz-April-02-2024"]
[Site "Chess.com"]
[Date "2024.04.02"]
[Round "4"]
[White "Korchmar_Vasiliy"]
[Black "Bauman_Guy"]
[Result "1/2-1/2"]
[WhiteElo "2738"]
[BlackElo "2903"]
[TimeControl "180+1"]
[EndTime "8:40:25 PDT"]
[Termination "Game drawn by repetition"]

1. e4 c6 2. d4 d5 3. exd5 cxd5 4.
Bd3 Nf6 5. h3 g6 6. Nf3 Bg7 7.
O-O Nc6 8. c3 O-O 9. Bf4 Bf5 10.
Bxf5 gxf5 11. Nbd2 e6 12. Ne1 Ne4 13. Nd3 Kh8 14.
f3 Nf6 15. Nb3 Rg8 16. Kh1 Nh5 17. Bh2 Qg5 18. g4 Nf6 19. Rg1 h5 20. gxh5 Qxh5 21. Nf4 Qh7 22. Nc5 Nh5 23. Nxh5 Qxh5 24. Nxb7 f4 25.
Rg4 Rab8 26. Nd6 Rxb2 27. Nxf7+ Qxf7 28. Rh4+ Bh6 29. Rxh6+ Kg7 30. Rh4 Ne7 31. Bxf4 Nf5 32. Be5+ Kf8 33. Rg4 Qh5 34. Qf1 Ne3 35. Rxg8+ Kxg8 36.
Qg1+ Rg2 37. Qxg2+ Nxg2 38. Kxg2 Qg6+ 39. Kh1 Qc2 40. Rg1+ Kf8 41. Rg7 Qxa2 42. Rb7 a5 43.
h4 Qf2 44. Ra7 Qxh4+ 45. Kg2 Qg5+ 46. Kh3 Qd8 47. Rb7 Qg5 48. Ra7 Qf5+ 49. Kg3 Qg6+ 50. Kh3 Qh6+ 51. Kg3 Qd2 52. Rxa5 Qe1+ 53. Kh3 Qxc3 54.
Ra7 Qxf3+ 55. Kh4 Qf5 56. Rc7 Ke8 57. Kg3 Kd8 58. Rg7 Kc8 59. Kh4 Qe4+ 60. Kg5 Qf5+ 61.
Kh6 Kd8 62. Ra7 Ke8 63. Rc7 Kd8 64. Rg7 Qe4 65. Kg5 Qf5+ 66. Kh6 Qf3 67. Kg5 Qh3 68.
Kg6 Qf5+ 69. Kh6 1/2-1/2

[Event "Early-Titled-Tuesday-Blitz-April-02-2024"]
[Site "Chess.com"]
[Date "2024.04.02"]
[Round "4"]
[White "dosto07"]
[Black "akanga001"]
[Result "0-1"]
[WhiteElo "2455"]
[BlackElo "2132"]
[TimeControl "180+1"]
[EndTime "8:40:25 PDT"]
[Termination "akanga001 won by checkmate"]

1. e4 e5 2. Nf3 Nc6 3. Bb5 a6 4. Ba4 Nf6 5. O-O Be7 6. Bxc6 dxc6 7. d3 Nd7 8. Nbd2 f6 9. Nc4 O-O 10. Nh4 a5 11. Nf5 b5 12. Nce3 Bc5 13. a4 b4 14. Kh1 Nb6 15. b3 Kh8 16. Bb2 g6 17. d4 exd4 18. Bxd4 Bxd4 19. Nxd4 Qe8 20. f3 Bb7 21.
Qe1 Nd7 22. Ng4 Ne5 23. Nxe5 Qxe5 24. Rd1 Rad8 25. Qe3 Rd6 26. f4 Qe7 27. Nf3 Rfd8 28. Rde1 Re6 29. e5 c5 30. Nd2 fxe5 31. fxe5 Re8 32.
Nc4 Bd5 33. Qh6 Bxc4 34. bxc4 Qg7 35. Qg5 Rxe5 36. Rxe5 Rxe5 37. Qd8+ Qg8 38. Qxc7 Qe8 39. h3 Re1 40. Rxe1 Qxe1+ 41. Kh2 Qe3 42. Qd8+ Kg7 43.
Qc7+ Kh6 44. Qxa5 Qf4+ 45. Kg1 Qe3+ 46. Kf1 Qc1+ 47. Kf2 Qxc2+ 48. Kg3 Qc3+ 49. Kh2 Qxc4 50. Qd8 b3 51. Qf8+ Kg5 52. Qd8+ Kh6 53. Qd2+ Kg7 54. Qd7+ Kf6 55. Qd6+ Kf5 56. g4+ Ke4 57. Qe7+ Kd3 58. Qd6+ Kc2 59. a5 b2 60. a6 b1=Q 61.
a7 Qe2+ 62. Kg3 Qbe1+ 63. Kf4 Qh2+ 64. Kg5 Qxd6 65. Kh6 Qa6 66. a8=Q Qxa8 67. g5 Qh4+ 68. Kg7 Qb7+ 69. Kh8 Qc8+ 70. Kg7 Qd7+ 71. Kh8 Qe8+ 72. Kg7 Qd4+ 73. Kh6 Qf8+ 74. Kxh7 Qd7+ 75. Kxg6 Qdf5+ 76. Kh5 Qh8# 0-1

[Event "Early-Titled-Tuesday-Blitz-April-02-2024"]
[Site "Chess.com"]
[Date "2024.04.02"]
[Round "4"]
[White "sonicdravise"]
[Black "MatthewG-p4p"]
[Result "1-0"]
[WhiteElo "2622"]
[BlackElo "2872"]
[TimeControl "180+1"]
[EndTime "8:40:33 PDT"]
[Termination "sonicdravise won by resignation"]

1. Nf3 c5 2. c4 g6 3. Nc3 Bg7 4. e3 Nf6 5. b3 O-O 6. Bb2 Nc6 7. Be2 b6 8. O-O Bb7 9. a3 e6 10. Rc1 Qe7 11. d4 cxd4 12. exd4 d5 13. cxd5 exd5 14. Re1 Qd8 15. Ne5 Ne7 16. Bf3 Nf5 17. Ne2 Rc8 18.
Ng3 Nh4 19. Be2 Bh6 20. Rxc8 Qxc8 21. Bc1 Bxc1 22. Qxc1 Nf5 23. Qxc8 Bxc8 24. Bd3 Nxd4 25. Rc1 Nxb3 26. Rc7 Nc5 27. Rxa7 Re8 28. f4 Ng4 29. Bb5 Rf8 30. Nc6 Be6 31. Nd4 Rc8 32. f5 gxf5 33.
Ngxf5 Rd8 34. Ne7+ Kf8 35. Nec6 Rc8 36. Nxe6+ Nxe6 37.
Rd7 Nf6 38. Rb7 Ra8 39. a4 Ne4 40. Rxb6 N4c5 41. a5 d4 42. a6 d3 43. a7 d2 44. Rb8+ Kg7 45. Be2 Nc7 46. Rxa8 Nxa8 47. Kf2 Nb3 48. Ke3 Kf6 49. Bd1 Nc5 50. Kxd2 Ke6 51.
Bf3 Na6 52. Nd4+ Ke5 53. Bxa8 Kxd4 54. Bb7 Nc7 55. a8=Q Nxa8 56. Bxa8 Ke5 57. Ke3 f5 58. Bf3 f4+ 59. Kd3 h6 60. Kc4 Kf5 61. Kd4 Kf6 62. Ke4 Kg5 63. Ke5 h5 64. Ke4 Kh4 65. Ke5 Kg5 66. Bxh5 f3 67. Bxf3 Kh4 68. g4 Kg5 69. Kd4 Kh4 70. Ke3 Kg5 71. Kf2 Kh4 72. Kg2 Kg5 73. Kg3 Kg6 74. h4 Kh6 75. g5+ Kg7 76.
h5 Kh8 77. g6 Kg8 78. h6 Kf8 79. g7+ Kg8 80. Bd5+ 1-0

[Event "Early-Titled-Tuesday-Blitz-April-02-2024"]
[Site "Chess.com"]
[Date "2024.04.02"]
[Round "4"]
[White "Refrigerator1955"]
[Black "Ergali_Suleimen"]
[Result "1-0"]
[WhiteElo "1974"]
[BlackElo "2393"]
[TimeControl "180+1"]
[EndTime "8:40:38 PDT"]
[Termination "Refrigerator1955 won by checkmate"]

1. e4 c5 2. Nf3 Nc6 3. Nc3 d6 4. g3 g6 5. Bg2 Bg7 6. O-O e6 7.
d3 Rb8 8. Be3 Nd4 9. a4 a6 10.
Nd2 b5 11. axb5 axb5 12. Ra2 Ne7 13. f4 O-O 14. Ne2 Nec6 15. c3 Nxe2+ 16. Qxe2 b4 17. e5 Bb7 18. exd6 Qxd6 19. Ne4 Qd7 20. Nxc5 Qe7 21.
Nxb7 Qxb7 22. Ra7 Qc8 23. Ra4 Rd8 24. d4 Ne7 25. Ra7 Nf5 26. Bd2 bxc3 27. bxc3 Rb2 28. Qd3 Nxd4 29. Ra8 Bf6 30. Rxc8 Rxc8 31. cxd4 Rd8 32.
Bc3 Rb3 33. Qc4 Ra3 34. Ra1 Rxc3 35. Qxc3 Bxd4+ 36. Qxd4 Rxd4 37. Kf2 h5 38. Re1 Kg7 39. Be4 Rd2+ 40. Re2 Rd4 41. Ke3 Rd7 42. Rd2 Ra7 43. Rd3 Ra1 44. h4 Rg1 45. Kf2 Ra1 46. Rd7 Kf6 47.
Bc6 Rc1 48. Rc7 Rc2+ 49. Kf3 Rc3+ 50. Kg2 Rc2+ 51. Kh3 Kg7 52. Rc8 Kf6 53. Bd7 Rd2 54.
Be8 Ke7 55. Bb5 Rb2 56. Rc7+ Kd6 57. Rb7 Kc5 58. Bc6 Re2 59. Bf3 Re3 60. Kg2 f6 61.
Rg7 g5 62. hxg5 fxg5 63. Rxg5+ Kd6 64. Rxh5 Ra3 65. g4 Ke7 66. Kg3 Rb3 67. g5 Kf7 68. Kg4 Ra3 69. Be4 Re3 70. Rh7+ Kg8 71. Bg6 Re2 72.
Rb7 Kf8 73. f5 Re4+ 74. Kf3 exf5 75. Bxf5 Ra4 76. g6 Ra6 77. Kg4 Kg8 78. Kg5 Kh8 79.
Kh6 Re6 80. Rb8+ Re8 81. Rxe8# 1-0

[Event "Early-Titled-Tuesday-Blitz-April-02-2024"]
[Site "Chess.com"]
[Date "2024.04.02"]
[Round "4"]
[White "ansko1999"]
[Black "fmcabralis"]
[Result "1-0"]
[WhiteElo "2640"]
[BlackElo "2403"]
[TimeControl "180+1"]
[EndTime "8:40:39 PDT"]
[Termination "ansko1999 won by resignation"]

1. c4 Nf6 2. Nf3 c6 3. e3 d5 4.
Nc3 e6 5. d4 Nbd7 6. b3 Be7 7.
Bd3 O-O 8. O-O Re8 9. Qe2 Qc7 10. e4 dxe4 11. Nxe4 Nxe4 12. Qxe4 Nf6 13. Qh4 g6 14.
Bf4 Qb6 15. Bg5 Qd8 16. Rad1 Nd7 17. Qh6 Bf8 18. Qh4 f6 19. Bh6 b6 20. Be4 Bb7 21.
Bxf8 Nxf8 22. Rfe1 f5 23. Qxd8 Raxd8 24. Bc2 c5 25.
dxc5 Bxf3 26. gxf3 bxc5 27. f4 Kf7 28. Kf1 Ke7 29. Ke2 Rxd1 30. Rxd1 Rd8 31. Rb1 Rd4 32. Ke3 Nd7 33. Bd1 e5 34. fxe5 Nxe5 35. Ke2 a5 36. Bc2 Nc6 37. a3 Rh4 38. Rh1 Nd4+ 39. Kd2 Rxh2 40.
Rxh2 Nf3+ 41. Ke3 Nxh2 42. Kf4 Kf6 43. Bd3 Ng4 44. f3 Ne5 45. Bf1 Nc6 46. Ke3 Nd4 47. b4 axb4 48. a4 b3 49. Kd3 Ke5 50. Kc3 Kf4 51.
a5 Kxf3 52. a6 Nc6 53. Kxb3 Ke3 54. Bg2 Na7 55. Ka4 Kd4 56. Bd5 f4 57. Ka5 g5 58.
Kb6 Nc8+ 59. Kb7 Nd6+ 60. Kc7 Nxc4 61. Bxc4 Kxc4 62. a7 f3 63. a8=Q g4 64. Qe4+ Kb3 65.
Qxg4 c4 66. Qxf3+ c3 67. Kb6 Kb2 68. Qf6 Kb3 69. Qe6+ Kb2 70. Qe5 Kc2 71. Kc5 Kd2 72. Kd4 c2 73. Qe3+ Kd1 74. Kd3 c1=N+ 75. Kc3 Ne2+ 76. Kc4 Nc1 77. Qf3+ Ke1 78. Qh1+ Kd2 79.
Qh6+ Ke1 80. Qxc1+ 1-0

[Event "Early-Titled-Tuesday-Blitz-April-02-2024"]
[Site "Chess.com"]
[Date "2024.04.02"]
[Round "4"]
[White "albi1999"]
[Black "PapaieDudu"]
[Result "1-0"]
[WhiteElo "2609"]
[BlackElo "2395"]
[TimeControl "180+1"]
[EndTime "8:40:39 PDT"]
[Termination "albi1999 won by resignation"]

1. Nf3 d5 2. e3 Nf6 3. c4 e6 4. Nc3 a6 5. b3 Bb4 6. Bb2 O-O 7. a3 Be7 8. d4 dxc4 9. bxc4 c5 10. Be2 cxd4 11.
exd4 Nc6 12. O-O Bd6 13. Qd3 Bf4 14. Rad1 Bh6 15. d5 exd5 16. Nxd5 Nxd5 17. cxd5 Nb8 18. d6 Bd7 19. Ne5 Nc6 20. Nxd7 Qxd7 21. Bf3 Rfe8 22. Qb3 Re6 23. Bg4 Rae8 24. Bxe6 Rxe6 25.
Rfe1 g6 26. Rxe6 fxe6 27. Re1 Kf7 28. Qf3+ Ke8 29. Qf6 Nd8 30. Qh8+ Bf8 31. Bf6 Nf7 32. Qxh7 Qxd6 33. Qxg6 Qd5 34. Bh4 e5 35. h3 Bxa3 36.
Bg3 Bd6 37. Qg8+ Kd7 38. Qg4+ Kc7 39. Rd1 Qb3 40. Rc1+ Kb8 41. Qc8+ Ka7 42. f3 a5 43. Bf2+ Ka6 44. Qa8+ Kb5 45. Qxb7+ Ka4 46. Ra1+ Ba3 47. Qc6+ Qb5 48. Qc2+ Qb3 49. Qe4+ Kb5 50. Rb1 Bb2 51. Qe2+ Kc6 52. Rxb2 Qa3 53. Rc2+ Kd7 54. Qd2+ Ke6 55. Qe2 a4 56. Qc4+ Kf6 57. Ra2 Qd6 58. Rxa4 Kg7 59.
Ra6 Qd1+ 60. Kh2 Qe2 61. Qg4+ Kf8 62. Ra8+ Ke7 63. Ra7+ Kf6 64. Bh4+ Ng5 65. Bxg5+ Kg6 66. Bf4+ Kf6 67. Qg5+ Ke6 68. Re7+ Kd5 69. Qxe5+ Kc6 70. Qxe2 Kd5 71. Qd3+ Kc5 72. Rc7+ Kb6 73. Qb1+ Ka6 74.
Qb7+ Ka5 75. Bd2+ Ka4 76. Rc4+ Ka3 77. Qb4+ Ka2 78. Rc2+ 1-0

[Event "Early-Titled-Tuesday-Blitz-April-02-2024"]
[Site "Chess.com"]
[Date "2024.04.02"]
[Round "4"]
[White "bazar-wokzal"]
[Black "wild3000"]
[Result "1-0"]
[WhiteElo "2555"]
[BlackElo "2365"]
[TimeControl "180+1"]
[EndTime "8:40:40 PDT"]
[Termination "bazar-wokzal won on time"]

1. e4 c5 2. c3 e6 3. d4 d5 4. e5 Nc6 5. Nf3 Nge7 6. Na3 Nf5 7. Nc2 cxd4 8. cxd4 Be7 9. Bd3 Nb4 10. Nxb4 Bxb4+ 11.
Bd2 Qa5 12. Bxf5 exf5 13. O-O Bxd2 14. Nxd2 O-O 15. Nb3 Qd8 16. Rc1 Be6 17. Rc3 b6 18.
Qc2 Qh4 19. Rc1 h6 20. g3 Qg4 21. f3 Qh3 22. Nd2 f4 23. gxf4 Bf5 24. Qd1 Qh4 25. Nf1 Qxf4 26. Qd2 Qxd2 27. Nxd2 g5 28. Nf1 Be6 29. Ne3 Kg7 30. Kf2 Kg6 31. Kg3 h5 32. h4 gxh4+ 33. Kxh4 Kh6 34. f4 Bg4 35. Rc6+ Kg7 36.
Nxg4 hxg4 37. Kxg4 Rh8 38. Rg1 Rh2 39. Kf3+ Kf8 40.
Rg2 Rh3+ 41. Ke2 Rh4 42. Rf2 Rd8 43. b4 a5 44. Rxb6 axb4 45. Rxb4 Rc8 46. Kd2 Rh3 47. Rb5 Ra3 48. Re2 Rxa2+ 49. Ke3 Ra3+ 50. Kf2 Rc4 51. Rxd5 Rcc3 52. Ke1 Rf3 53. Re4 Ra1+ 54. Ke2 Rff1 55. Rb5 Rae1+ 56. Kd3 Rd1+ 57. Kc4 Ke7 58. Kd5 Rc1 59.
Rb7+ Kf8 60. Kd6 Rc8 61. d5 Rfc1 62. Reb4 Rd8+ 63. Rd7 Re8 64. Rbb7 Kg8 65. Rxf7 Rd8+ 66. Rfd7 Rf8 67. Rg7+ 1-0

[Event "Early-Titled-Tuesday-Blitz-April-02-2024"]
[Site "Chess.com"]
[Date "2024.04.02"]
[Round "4"]
[White "LeoLV10"]
[Black "Barbix1"]
[Result "1/2-1/2"]
[WhiteElo "2516"]
[BlackElo "2319"]
[TimeControl "180+1"]
[EndTime "8:40:48 PDT"]
[Termination "Game drawn - insufficient material"]

1. e4 c5 2. Nf3 g6 3. d4 cxd4 4. Nxd4 Nc6 5. c4 Nf6 6. Nc3 Nxd4 7. Qxd4 d6 8. f3 Bg7 9. Be3 O-O 10. Qd2 Be6 11. Rc1 a6 12. Be2 Qc7 13. O-O Qa5 14.
Nd5 Qxd2 15. Nxe7+ Kh8 16. Bxd2 Rfe8 17. Nd5 Nxd5 18.
cxd5 Bxd5 19. b3 Bc6 20. Bd3 d5 21. exd5 Bxd5 22. Rfd1 Bc6 23. Ba5 Re7 24. h4 h5 25.
Bb6 Rd7 26. Bc4 Re7 27. Bc5 Rc7 28. Bd6 Rd7 29. Bc5 Rc7 30. Bb6 Re7 31. Rd8+ Rxd8 32.
Bxd8 Rd7 33. Bg5 Kg8 34. Re1 Kf8 35. Kf2 b5 36. Bf1 Bd4+ 37. Kg3 f6 38. Bf4 Kf7 39. a4 bxa4 40. bxa4 Bxa4 41. Bxa6 Bc6 42. Bc4+ Kg7 43. Re6 Bd5 44. Bxd5 Rxd5 45. Re7+ Kf8 46. Ra7 Be5 47. Bxe5 Rxe5 48. Kf4 Re7 49. Ra6 Kf7 50. g4 hxg4 51.
fxg4 Rb7 52. Ra4 Ke6 53. Re4+ Kf7 54. Rc4 Ra7 55. g5 fxg5+ 56. Kxg5 Ra5+ 57. Kg4 Kf6 58. Rf4+ Kg7 59. Rb4 Rc5 60. Rb7+ Kf6 61. Rb6+ Kg7 62.
Rb4 Kh6 63. Rf4 Ra5 64. Re4 Rb5 65. Re8 Rb4+ 66. Kg3 Rb3+ 67. Kg2 Kh5 68. Rh8+ Kg4 69. Kh2 Rb2+ 70. Kg1 Kg3 71. Kf1 Rb1+ 72. Ke2 Rh1 73. Rg8 Rxh4 74. Rxg6+ Rg4 75. Ra6 Re4+ 76. Kd3 Rf4 77.
Rg6+ Rg4 78. Re6 Rf4 79. Re3+ Rf3 80. Rxf3+ Kxf3 1/2-1/2

[Event "Early-Titled-Tuesday-Blitz-April-02-2024"]
[Site "Chess.com"]
[Date "2024.04.02"]
[Round "4"]
[White "valik3504"]
[Black "Revan_2002"]
[Result "0-1"]
[WhiteElo "2559"]
[BlackElo "2723"]
[TimeControl "180+1"]
[EndTime "8:40:50 PDT"]
[Termination "Revan_2002 won by resignation"]

1. Nf3 Nf6 2. c4 e6 3. d4 d5 4. e3 Bd6 5. b3 O-O 6. Bd3 b6 7. O-O Bb7 8. Bb2 Nbd7 9. Nc3 a6 10. Rc1 c5 11. cxd5 exd5 12. Qe2 Re8 13. Rfd1 Qe7 14.
Na4 c4 15. Bb1 b5 16. Nc5 Nxc5 17. dxc5 Bxc5 18. Nh4 g6 19. Nf3 Ba3 20. Nd4 Bxb2 21. Qxb2 Qe5 22. h3 Rac8 23. Qa3 Rc7 24. Qa5 Rec8 25. b4 Qe7 26. a4 bxa4 27. Qxa4 Nd7 28. Bc2 Ne5 29. Ra1 h5 30. Rdb1 Nc6 31. Nxc6 Rxc6 32.
b5 axb5 33. Qxb5 R6c7 34. Ra7 Bc6 35. Rxc7 Qxc7 36. Qc5 Qd7 37. Qd4 Qd6 38. Rb6 Rb8 39.
Ra6 Ra8 40. Rxa8+ Bxa8 41. e4 Qf4 42. f3 Qc1+ 43. Bd1 c3 44. Qd3 dxe4 45. fxe4 Bxe4 46. Qd8+ Kh7 47. Kh2 Qf4+ 48. Kg1 c2 49. Bxc2 Bxc2 50. Qb6 Be4 51. Qb2 Qe3+ 52. Kh2 Qf4+ 53. Kg1 Qf5 54. Qe2 Qe6 55. Qf2 Bd5 56. Kh2 Qe4 57. Kg1 Qxg2+ 58.
Qxg2 Bxg2 59. Kxg2 g5 60. Kg3 Kg6 61. Kf3 Kf5 62. Ke3 g4 63. h4 Ke5 64. Ke2 f5 65.
Kf2 f4 66. Ke2 Ke4 67. Kf2 f3 68. Kg3 Ke3 69. Kh2 f2 70. Kg2 Ke2 71. Kg3 f1=Q 72. Kh2 Qh3+ 73. Kg1 Qg3+ 74. Kh1 Qf3+ 75. Kg1 Qe3+ 76.
Kg2 Qh3+ 77. Kg1 Qxh4 78. Kg2 Qf6 79. Kg1 Qf2+ 80. Kh1 Qe3 81. Kg2 Ke1 82. Kh1 Kf2 0-1

[Event "Early-Titled-Tuesday-Blitz-April-02-2024"]
[Site "Chess.com"]
[Date "2024.04.02"]
[Round "4"]
[White "TitanChess666"]
[Black "ladytitan"]
[Result "1-0"]
[WhiteElo "2515"]
[BlackElo "2226"]
[TimeControl "180+1"]
[EndTime "8:40:53 PDT"]
[Termination "TitanChess666 won by checkmate"]

1. e4 c6 2. d4 d5 3. f3 dxe4 4. fxe4 e5 5. Nf3 Bg4 6. c3 Nd7 7. Bd3 Ngf6 8. O-O Bd6 9. Nbd2 O-O 10. Qc2 Re8 11. h3 Bh5 12. a4 a5 13. Nc4 Bc7 14.
Bg5 b5 15. axb5 cxb5 16. Ncxe5 Nxe5 17. Nxe5 Bxe5 18. dxe5 Rxe5 19. Bf4 Qb6+ 20. Kh1 Ree8 21. e5 Nd5 22. Bxh7+ Kh8 23. Be4 Nxf4 24. Bxa8 Ne2 25. Bf3 Ng3+ 26. Kh2 Nxf1+ 27. Rxf1 Bxf3 28. Rxf3 Rxe5 29.
Rxf7 Qd6 30. Kg1 Re1+ 31. Rf1 Qc5+ 32. Qf2 Rxf1+ 33. Kxf1 Qc4+ 34. Qe2 Qb3 35. Kg1 a4 36. Qe8+ Kh7 37. Qe4+ Kh8 38. Qb4 Qd1+ 39. Kh2 Qd5 40. h4 Qe5+ 41. Kh3 Qf5+ 42. Qg4 Qd3+ 43. Qg3 Qf5+ 44. Kh2 Qd5 45. Qf2 Qe5+ 46. g3 Qd5 47.
Kh3 Qe6+ 48. Kg2 Qd5+ 49. Qf3 Qb3 50. Qe2 Qd5+ 51. Kf2 Qc5+ 52. Qe3 Qd5 53. Ke2 Qc4+ 54. Kd2 Qb3 55. Qe8+ Kh7 56. Qe4+ Kh8 57. Qb4 Qd5+ 58. Qd4 Qb3 59. Kc1 a3 60. Qd8+ Kh7 61. Qd3+ Kh8 62. bxa3 Qxa3+ 63. Kd2 Qa2+ 64. Qc2 Qc4 65. Qd3 Qa2+ 66.
Ke3 Qe6+ 67. Kf3 Qf7+ 68. Kg2 Qb7+ 69. Kh2 Qc6 70. h5 Qc5 71. Qf3 Qc4 72. g4 Qc5 73.
Kh3 Qc4 74. g5 b4 75. cxb4 Qxb4 76. g6 Qb8 77. Qf7 Qc8+ 78. Kh4 Qd8+ 79. Kg4 Qd4+ 80. Qf4 Qd7+ 81. Qf5 Qd4+ 82. Kg3 Qc3+ 83. Qf3 Qc6 84.
Qf8# 1-0

[Event "Early-Titled-Tuesday-Blitz-April-02-2024"]
[Site "Chess.com"]
[Date "2024.04.02"]
[Round "4"]
[White "Alenzer"]
[Black "robertoalejandro10"]
[Result "0-1"]
[WhiteElo "2193"]
[BlackElo "2497"]
[TimeControl "180+1"]
[EndTime "8:41:04 PDT"]
[Termination "robertoalejandro10 won by resignation"]

1. e4 c5 2. Nf3 Nc6 3. d4 cxd4 4. Nxd4 e5 5. Nb5 a6 6. Nd6+ Bxd6 7. Qxd6 Nf6 8. Nc3 Qe7 9. Qxe7+ Kxe7 10. Bg5 Kf8 11. Bxf6 gxf6 12. Nd5 Kg7 13. O-O-O b5 14. Be2 Rb8 15. c3 b4 16. Bg4 d6 17. h3 bxc3 18. bxc3 h5 19. Be2 a5 20. Ne3 Be6 21. Bc4 Bxc4 22.
Nxc4 a4 23. Rxd6 Rhc8 24. Kc2 Nd4+ 25. cxd4 Rxc4+ 26. Kd3 Rxd4+ 27. Rxd4 exd4 28. Kxd4 Rb2 29. g4 Rxf2 30. gxh5 Rxa2 31. Rg1+ Kh6 32. Rf1 Ra3 33.
Rxf6+ Kxh5 34. Rxf7 Rxh3 35. Ra7 a3 36. e5 Kg5 37.
Kd5 Kf5 38. Rf7+ Kg6 39. Ra7 Rd3+ 40. Ke6 Rb3 41. Ra8 Rb6+ 42. Kd5 Rb3 43. e6 Kf6 44. Rf8+ Ke7 45. Rf7+ Ke8 46. Ra7 Rb5+ 47. Kc6 Rb3 48. Kd6 Rd3+ 49. Ke5 Re3+ 50. Kf5 Rf3+ 51. Ke4 Rb3 52.
Kd5 Rd3+ 53. Ke4 Rb3 54. Kf5 Rf3+ 55. Kg6 Kd8 56. Ra8+ Ke7 57. Ra6 Re3 58. Kf5 Rf3+ 59. Ke4 Rb3 60. Kd4 Rh3 61. Kd5 Rh5+ 62. Kc4 Rh4+ 63.
Kb3 Rh3+ 64. Kb4 a2 65. Rxa2 Kxe6 66. Re2+ Kd5 67. Rd2+ Kc6 68. Rc2+ Kb6 69. Rg2 Rh4+ 70. Kc3 Kc5 71. Rg5+ Kd6 72. Rf5 Ke6 73. Rf3 Ke5 74. Rd3 Ra4 75. Re3+ Kd5 76. Rd3+ Kc5 77. Kd2 Ra2+ 78.
Ke3 Kc4 79. Rd4+ Kc5 80. Rd3 Rh2 81. Ke4 Rh4+ 82. Ke5 Rh5+ 83. Ke4 Rh4+ 84. Ke5 Kc4 85. Rd5 Rh5+ 86. Ke6 Rxd5 0-1